 Dungeon Crawl Stone Soup version 0.31.0-12-g77e489cdc1 (webtiles) character file.

Game seed: 16771051619257428038

303 Metae the Covered (level 6, -1/53 HPs)
             Began as a Minotaur Fighter on Feb 14, 2024.
             Was a Follower of Uskayaw.
             Slain by an orc
             ... wielding a +0 falchion
              (6 damage)
             ... on level 4 of the Dungeon.
             The game lasted 00:06:01 (2070 turns).

Metae the Covered (Minotaur Fighter)                Turns: 2070, Time: 00:06:02

Health: -1/53      AC:  7    Str: 23    XL:     6   Next: 15%
Magic:  6/6        EV: 10    Int:  5    God:    Uskayaw [*.....]
Gold:   147        SH:  4    Dex:  9    Spells: 5/5 levels left

rFire   + . .        a - +0 trident
rCold   + . .        c - +0 buckler
rNeg    . . .        b - +0 scale mail
rPois   +            (helmet restricted)
rElec   +            (no cloak)
rCorr   +            (no gloves)
SInv    .            (no boots)
Will    .....        (no amulet) Stlth
                     q - ring of flight
HPRegen 0.28/turn    p - ring of poison resistance
MPRegen 0.10/turn

%: no passive effects
@: resistant, flying, hasted, very quick
A: horns 2, retaliatory headbutt
a: Renounce Religion, Stomp


You were on level 4 of the Dungeon.
You worshipped Uskayaw.
Uskayaw was noncommittal.
You visited 1 branch of the dungeon, and saw 4 of its levels.

You collected 147 gold pieces.

Inventory:

Hand Weapons
 a - a +0 trident (weapon)
Missiles
 o - 3 boomerangs (quivered)
 s - 2 poisoned darts
Armour
 b - a +0 scale mail (worn)
 c - a +0 buckler (worn)
Jewellery
 l - a +6 ring of intelligence
 p - a ring of poison resistance (right hand)
 q - a ring of flight (left hand)
Scrolls
 e - a scroll of fog {unknown}
 f - a scroll of fear {unknown}
 g - 7 scrolls of identify {unknown}
 i - 2 scrolls of immolation {unknown}
 k - a scroll of revelation {unknown}
 m - a scroll of blinking {unknown}
 t - a scroll of teleportation {unknown}
Potions
 d - a potion of might
 h - a potion of curing
 j - 2 potions of resistance
 n - 2 potions of haste
 r - a potion of invisibility {unknown}


   Skills:
 + Level 4.7 Fighting
 + Level 3.8 Polearms
 + Level 4.8 Armour
 + Level 2.5 Dodging
 + Level 4.7 Shields
 + Level 1.9 Invocations


You had 5 spell levels left.
You didn't know any spells.
Your spell library was empty.

Dungeon Overview and Level Annotations

Branches:
Dungeon (4/15)             Temple (0/1) D:4

Altars:
Uskayaw

Shops:
D:2 (


Innate Abilities, Weirdness & Mutations

You have a pair of horns on your head.
You reflexively headbutt those who attack you in melee.


Message History

The orc hits you but does no damage. Something hits you.
* * * LOW HITPOINT WARNING * * *
The orc attacks as it pursues you! The orc hits you but does no damage.
The orc wizard mumbles some strange words.
The orc wizard flickers and vanishes!
The orc hits you with a +0 falchion.
* * * LOW HITPOINT WARNING * * *
Something hits you but does no damage.
You're too confused to move!
An orc wizard appears from thin air!
Reactivating autopickup.
The orc barely misses you.
The orc wizard hits you with a +0 dagger.
* * * LOW HITPOINT WARNING * * *
You miss the orc wizard. The orc hits you but does no damage.
The orc wizard hits you but does no damage.
You puncture the orc wizard! Your headbutt misses the orc wizard.
The orc wizard is heavily wounded.
The orc hits you but does no damage. Something hits you but does no damage.
Deactivating autopickup; reactivate with Ctrl-A.
The orc wizard hits you with a +0 dagger.
* * * LOW HITPOINT WARNING * * *
The orc hits you with a +0 hand axe.
* * * LOW HITPOINT WARNING * * *
You hear some strange, mumbled words.
A magic dart appears from out of thin air!
The magic dart hits you.
* * * LOW HITPOINT WARNING * * *
It was a potion of resistance.
You feel protected. The orc hits you but does no damage.
The orc wizard hits you but does no damage.
The orc hits you but does no damage. Something hits you but does no damage.
It was a potion of curing.
You feel better. The orc hits you with a +0 falchion!
* * * LOW HITPOINT WARNING * * *
The orc wizard hits you with a +0 dagger.
* * * LOW HITPOINT WARNING * * *
The orc hits you but does no damage. Something completely misses you.
It was a potion of haste.
You feel yourself speed up. The orc hits you with a +0 falchion.
You die...

...# ....# ### #...
####.###
....###..######.##...##
...##.......##........#
##.............#......###.
..............##.o...#....
...............#@o........
..............##o{.....##.
..........#...###......#
##........#.####^......#
#††......#..# #.......#
.......####.# ##..>...#
.......# #..# ##.....#
.......# ##.# ........
.#.....# .<. ........


You could see an orc wizard and 2 orcs.

Vanquished Creatures
  2 scorpions (D:4)
  A bombardier beetle (D:4)
  8 adders
  3 ribbon worms
  An orc (D:4)
  5 ball pythons
  7 bats
  5 endoplasms
  3 giant cockroaches
  A goblin (D:2)
  7 hobgoblins
  10 jackals
  A quokka (D:2)
  4 frilled lizards
  7 kobolds
  6 rats
71 creatures vanquished.

Notes
Turn   | Place    | Note
-------+----------+-------------------------------------------
     0 | D:1      | Metae the Minotaur Fighter began the quest for the Orb.
     0 | D:1      | Reached XP level 1. HP: 19/19 MP: 0/0
    56 | D:1      | Reached XP level 2. HP: 27/27 MP: 1/1
   165 | D:1      | Found a faded altar of an unknown god.
   401 | D:2      | Reached skill level 1 in Dodging
   427 | D:2      | Found a hide-covered altar of Uskayaw.
   443 | D:2      | Became a worshipper of Uskayaw the Reveller
   452 | D:2      | Reached * piety under Uskayaw
   454 | D:2      | Reached XP level 3. HP: 33/33 MP: 2/2
   458 | D:2      | Reached ** piety under Uskayaw
   478 | D:2      | Reached *** piety under Uskayaw
   485 | D:2      | Found Uruz's Weapon Emporium.
   506 | D:2      | Reached XP level 4. HP: 39/40 MP: 3/3
   632 | D:2      | Reached skill level 1 in Invocations
  1827 | D:4      | Found a staircase to the Ecumenical Temple.
  1850 | D:4      | Noticed a scorpion
  1862 | D:4      | Killed a scorpion
  1863 | D:4      | Reached XP level 5. HP: 33/47 MP: 3/5
  1996 | D:4      | Reached XP level 6. HP: 52/53 MP: 6/6
  2067 | D:4      | HP: 1/53 [something/magic dart (5)]
  2070 | D:4      | Slain by an orc

Illustrated notes

Levels and vault maps discovered:
D:1:      lightli_arrival_maybe_door_vault, layout_rooms,
          hellmonk_ecumenical_altar_pennies_from_heaven
D:2:      layout_rooms, serial_shops, nicolae_shop_bloodbath_and_beyond,
          basic_altar
D:3:      layout_basic
D:4:      layout_cave_pools, minmay_temple_entry_sparse_star,
          kennysheep_crisscross

Skill      XL: |  1  2  3  4 |
---------------+-------------+-----
Dodging        | 1 2 |  2.5
Fighting       | 4 |  4.7
Armour         | 4 |  4.8
Shields        | 4 |  4.7
Polearms       | 3 |  3.8
Invocations    | 1 |  1.9

Action                     |  1- 3 |  4- 6 || total
---------------------------+-------+-------++-------
  Melee: Trident           |    72 |   116 ||   188
         Headbutt          |    12 |    11 ||    23
    Use: Potion            |       |     3 ||     3
   Stab: Paralysed         |       |     2 ||     2
 Armour: Scale mail        |    37 |   125 ||   162
  Dodge: Dodged            |    36 |    75 ||   111
  Block: Buckler           |    16 |    24 ||    40
